 Dungeon Crawl Stone Soup version 0.27-a0-1188-g73eefd5def (webtiles) character file.

Game seed: 18385463479403336809

97 1player the Bolt Thrower (level 5, -1/29 HPs)
             Began as a Kobold Arcane Marksman on May 21, 2021.
             Was an Initiate of Gozag.
             Killed by nerve-wracking pain
             ... invoked by Grinder
              (10 damage)
             ... on level 3 of the Dungeon.
             The game lasted 00:10:26 (3343 turns).

1player the Bolt Thrower (Kobold Arcane Marksman)   Turns: 3343, Time: 00:10:26

Health: -1/29      AC:  5    Str:  8    XL:     5   Next: 0%
Magic:  2/6        EV: 14    Int: 14    God:    Gozag
Gold:   326        SH:  0    Dex: 16    Spells: 3/6 levels left

rFire    . . .     SeeInvis .   u - +2 spear (vamp)
rCold    . . .     Faith    .   (shield restricted)
rNeg     . . .     Spirit   .   n - +0 leather armour
rPois    .         Reflect  .   x - +0 helmet
rElec    .         Harm     .   (no cloak)
rCorr    .         Rampage  .   (no gloves)
Will     .....                  t - +0 pair of boots
Stlth    ++........             (no amulet)
HPRegen  0.09/turn              g - ring of wizardry
MPRegen  0.10/turn              p - ring of wizardry

@: no status effects
A: small, no large weapons, nightstalker 3
a: Renounce Religion, Potion Petition, Call Merchant, Bribe Branch


You were on level 3 of the Dungeon.
You worshipped Gozag.
Gozag was aware of your devotion.
You visited 1 branch of the dungeon, and saw 3 of its levels.

You collected 360 gold pieces.
You paid 34 gold pieces to Gozag.

Inventory:

Hand Weapons
 a - a +0 hand crossbow
 b - a +0 dagger of venom
 h - a +0 trident
 l - a +0 short sword
 m - a +0 spear
 u - a +2 vampiric spear (weapon)
Missiles
 d - 39 bolts
 f - 39 poisoned darts (quivered)
Armour
 e - a +0 robe
 n - a +0 leather armour (worn)
 t - a +0 pair of boots (worn)
 x - a +0 helmet (worn)
Jewellery
 g - a ring of wizardry (left hand)
 p - a ring of wizardry (right hand)
 w - a ring of protection from fire
Scrolls
 i - a scroll of teleportation
 j - a scroll of identify {@r1}
 o - a scroll of amnesia {unknown}
 q - a scroll of immolation {unknown}
 v - a scroll of vulnerability {unknown}
Potions
 k - a potion of curing {@q1}
 r - 3 potions of flight
 s - a potion of heal wounds {unknown}


   Skills:
 - Level 1.1 Fighting
 + Level 4.5 Crossbows
 - Level 2.2 Throwing
 - Level 3.0 Dodging
 - Level 1.1 Spellcasting
 - Level 3.1 Hexes


You had 3 spell levels left.
You knew the following spells:

 Your Spells              Type           Power      Damage    Failure   Level
a - Slow                  Hex            9%         N/A       4%          2
z - Corona                Hex            10%        N/A       3%          1

Your spell library contained the following spells:

 Spells                   Type           Power      Damage    Failure   Level
 Inner Flame              Hex/Fire       5%         N/A       16%         3
 Portal Projectile        Hex/Tloc       10%        N/A       16%         3
 Cause Fear               Hex            4%         N/A       26%         4
 Leda's Liquefaction      Hex/Erth       2%         N/A       43%         4


Dungeon Overview and Level Annotations

Branches:
Dungeon (3/15)

Altars:
Gozag

Annotations:
D:2 Jessica
D:3 Grinder


Innate Abilities, Weirdness & Mutations

You are small and have problems with some larger weapons.
You are completely attuned to the shadows.


Message History

Grinder is moderately wounded.
Grinder gestures at you.
You barely resist.
Throw: 44 darts (poison)
Press: ? - help, Shift-Dir - straight line, f/p - Grinder
Aim: Grinder (moderately wounded, slow, 57% to hit)
You throw a poisoned dart. The poisoned dart hits Grinder.
Grinder is moderately wounded.
Grinder is no longer moving slowly.
Grinder blinks!
Things that are here:
a +0 short sword; 2 stones Throw: 43 darts (poison)
Press: ? - help, Shift-Dir - straight line, f/p - Grinder
Aim: Grinder (moderately wounded, 57% to hit)
You throw a poisoned dart. The poisoned dart hits Grinder.
Grinder is moderately wounded.
Grinder gestures at you.
You suddenly lose the ability to move!
Grinder gestures at you. Pain shoots through your body!
You can move again.
Throw: 42 darts (poison)
Press: ? - help, Shift-Dir - straight line, f/p - Grinder
Aim: Grinder (moderately wounded, 57% to hit)
You throw a poisoned dart. The poisoned dart hits Grinder.
Grinder is moderately wounded.
Throw: 41 darts (poison)
Press: ? - help, Shift-Dir - straight line, f/p - Grinder
Aim: Grinder (moderately wounded, 57% to hit)
You throw a poisoned dart. The poisoned dart hits Grinder.
Grinder is poisoned.
Grinder is moderately wounded.
Throw: 40 darts (poison)
Press: ? - help, Shift-Dir - straight line, f/p - Grinder
Aim: Grinder (moderately wounded, poisoned, 57% to hit)
You throw a poisoned dart. The poisoned dart hits Grinder.
Grinder is moderately wounded.
Grinder gestures at you. Pain shoots through your body!
You die...
Your body crumbles into a pile of gold.

ยง... ....### ..5.....
......(################
....(..##.............#
.....(.##.###########.#
......5##.# #....#.#
#.##.#.##.# #.#..#.#
#.#.@..# #.#.##.#
#.######## #......#
#.#......# ###.####
#.#...)..# #.#
#.##.#......## #.#
#.##.#.......# #.#
#.##.#.......# #.# #.
#.##.#.......# ###.#
#.##....#.......# #...#


You could see Grinder (poisoned).

Vanquished Creatures
  4 adders
  3 dart slugs (D:1)
  3 ball pythons
  5 bats
  An endoplasm (D:3)
  3 giant cockroaches
  4 goblins
  5 hobgoblins
  6 jackals
  3 quokkas (D:2)
  4 frilled lizards
  7 kobolds
  3 rats
51 creatures vanquished.

Notes
Turn   | Place    | Note
-------+----------+-------------------------------------------
     0 | D:1      | 1player the Kobold Arcane Marksman began the quest for the
                  | Orb.
     0 | D:1      | Reached XP level 1. HP: 12/12 MP: 2/2
   265 | D:1      | Reached XP level 2. HP: 11/16 MP: 3/3
   442 | D:1      | Reached skill level 3 in Crossbows
   754 | D:1      | Reached skill level 1 in Throwing
   754 | D:1      | Reached XP level 3. HP: 13/20 MP: 4/4
   986 | D:1      | Learned a level 2 spell: Slow
  1335 | D:2      | Found an opulent altar of Gozag.
  1366 | D:2      | Became a worshipper of Gozag Ym Sagoz the Greedy
  1389 | D:2      | Noticed Jessica
  1649 | D:2      | Reached XP level 4. HP: 25/25 MP: 5/5
  1686 | D:2      | Reached skill level 4 in Crossbows
  2320 | D:3      | Found a faded altar of an unknown god.
  3164 | D:3      | Reached XP level 5. HP: 29/29 MP: 6/6
  3318 | D:3      | Noticed Grinder
  3338 | D:3      | Paralysed by Grinder for 2 turns
  3343 | D:3      | Killed from afar by Grinder

Illustrated notes

Levels and vault maps discovered:
D:1:      lightli_arrival_chessboard, layout_loops_cross, supply_closet_lemuel
D:2:      kennysheep_six_static_rooms, layout_rooms, basic_altar, uniq_jessica
D:3:      layout_basic, shapermc_ecumenical_altar_mp_highgroup,
          chequers_serial_rivers_small_b, chequers_jeans, uniq_grinder,
          uniq_crazy_yiuf_cottage, uniq_natasha

Skill      XL: |  1  2  3  4 |
---------------+-------------+-----
Crossbows      | 3 4 |  4.5
Throwing       | 1 2 |  2.2
Dodging        | 3 |  3.0
Fighting       | |  1.1
Spellcasting   | |  1.1
Hexes          | |  3.1

Action                   |  1- 3 |  4- 6 || total
-------------------------+-------+-------++-------
Melee: Trident           |     4 |       ||     4
       Spear             |    35 |     7 ||    42
       Dagger            |    29 |    42 ||    71
 Fire: Hand crossbow     |    27 |    27 ||    54
Throw: Dart              |     2 |    10 ||    12
 Cast: Corona            |       |     1 ||     1
       Slow              |       |     2 ||     2
  Use: Scroll            |     1 |     2 ||     3
 Stab: Sleeping          |     1 |       ||     1
Armor: Robe              |     6 |       ||     6
       Leather armour    |     9 |    11 ||    20
Dodge: Dodged            |    66 |    40 ||   106

Table legend: (Time is in decaauts)
 A = Elapsed time spent in this place.
 B = Non-inter-level travel time spent in this place.
 C = Inter-level travel time spent in this place.
 D = Time resting spent in this place.
 E = Time spent auto-exploring this place.
 F = Levels seen in this place.
 G = Mean time per level.
                   A        B        C        D        E       F      G
               +--------+--------+--------+--------+--------+-----+--------+
         Total |   3339 |   3234 |    105 |    932 |   1211 |   3 | 1113.0 |
       Dungeon |   3339 |   3234 |    105 |    932 |   1211 |   3 | 1113.0 |
               +--------+--------+--------+--------+--------+-----+--------+

Top non-repeatable levels by time:
     D:1: 1154 daAuts
     D:2: 1122 daAuts
     D:3: 1063 daAuts
